 Dungeon Crawl Stone Soup version 0.30-a0-358-g0d69a1922f (console) character file.

Game seed: 15390622261802711372

8 petzl the Sneak (level 2, 0/24 HPs)
             Began as a Formicid Delver on Nov 10, 2022.
             Succumbed to an adder's poison
             ... on level 6 of the Dungeon.
             The game lasted 00:05:50 (771 turns).

petzl the Sneak (Formicid Delver)                    Turns: 771, Time: 00:05:51

Health: 0/24       AC:  3    Str: 16    XL:     2   Next: 15%
Magic:  4/4        EV: 11    Int:  9    God:
Gold:   37         SH:  4    Dex: 15    Spells: 3/3 levels left

rFire   + . .      SeeInvis +    a - +0 mace
rCold   . . .      Faith    .    n - +0 buckler
rNeg    . . .      Spirit   .    b - +0 leather armour
rPois   .          Reflect  .    (helmet unavailable)
rElec   .          Harm     .    (no cloak)
rCorr   .          Rampage  .    (no gloves)
Will    .....                    (no boots)
Stlth   +++.......               (no amulet)
HPRegen 0.24/turn                k - ring of protection from fire
MPRegen 0.09/turn                (no ring)

@: brilliant, lethally poisoned (0 -> -5)
A: permanent stasis, dig shafts and tunnels, antennae 3, four strong arms
a: Dig, Shaft Self


You were on level 6 of the Dungeon.
You visited 1 branch of the dungeon, and saw 6 of its levels.

You collected 37 gold pieces.

Inventory:

Hand Weapons
 a - a +0 mace (weapon)
 m - a +0 flail
Armour
 b - a +0 leather armour (worn)
 n - a +0 buckler (worn)
Magical Staves
 e - a staff of poison
Jewellery
 k - a ring of protection from fire (left hand)
Wands
 f - a wand of digging (3)
Scrolls
 c - a scroll of fog
 d - a scroll of magic mapping
 g - a scroll of butterflies {unknown}
 h - 2 scrolls of identify {unknown}
Potions
 i - a potion of ambrosia {unknown}
 j - a potion of might {unknown}


   Skills:
 - Level 3.2 Fighting
 - Level 2.0 Maces & Flails
 - Level 1.7 Dodging
 - Level 6.0 Stealth
 + Level 0.9 Shields
 + Level 1.4 Spellcasting


You had 3 spell levels left.
You didn't know any spells.
Your spell library contained the following spells:

 Spells                   Type           Power      Damage    Failure   Level
 Call Canine Familiar     Summ           0%         N/A       86%         3
 Portal Projectile        Hex/Tloc       0%         N/A       86%         3
 Leda's Liquefaction      Hex/Erth       0%         N/A       99%         4


Dungeon Overview and Level Annotations

Branches:
Dungeon (10/15)
 Temple: D:4-7         Lair: D:8-11         Orc: D:9-12

Altars:

Annotations:
D:5 exclusions: downstairs and orc wizard
D:6 exclusions: ogre and sensed monster (detected), Grinder, Pikel
D:9 exclusion: downstairs, Gastronok
D:10 exclusion: 2 ogres, Josephine


Innate Abilities, Weirdness & Mutations

You cannot be hasted, slowed, berserked, paralysed or teleported.
You can dig through walls and to a lower floor.
You have a pair of large antennae on your head. (SInv)
Your four strong arms can wield two-handed weapons with a shield.


Message History

You hit the orc.
You kill the orc!
Your life force feels restored.
Things that are here:
a +0 flail; a +0 short sword; a +0 leather armour You hit the adder.
The adder is lightly wounded.
The adder bites you. x2
You barely miss the adder.
The adder is lightly wounded.
The adder bites you but does no damage.
You miss the adder.
The adder is lightly wounded.
The adder bites you. You block the adder's attack.
You barely miss the adder.
The adder is lightly wounded.
The adder bites you.
You are poisoned.
The adder poisons you! The adder bites you.
You miss the adder.
The adder is lightly wounded.
You feel sick. The adder bites you. The adder closely misses you.
You hit the adder.
The adder is moderately wounded.
You feel sick. The adder bites you but does no damage.
You barely miss the adder.
The adder is moderately wounded.
You feel sick. You block the adder's attack. The adder misses you.
You closely miss the adder.
The adder is moderately wounded.
You feel sick.
You are no longer poisoned.
The adder bites you.
* * * LOW HITPOINT WARNING * * *
You are lethally poisoned!
The adder poisons you! The adder bites you.
* * * LOW HITPOINT WARNING * * *
It was a potion of brilliance.
You feel clever all of a sudden.
You die...

#.....##...............##
#.........#........###
#.........##...[S....##
#.......#####...##....#
......###...# #...###....$#
.......# #..## ##.## #....##
......... ...###).........## #..#
##...$.....##......#......#.###
#...##.......... .......##..###
##.............. #.. .$.......#
#.O.>.... .. ..............##
.........
.####..........o......##
#...!..##............. #......#
#...........##.......#####......#
#........###.....#......###..##
#####............#......# #
#.....##.#...........#
##..#.###........S..##
##.............@...##
###.................)##
#.......###........##.# ###....##
##.....###### ##...# ##.>.##
#...# ##..# ##..# #### ####


You could see an adder.

Vanquished Creatures
  4 orcs
  A bush (D:9)
5 creatures vanquished.

Notes
Turn   | Place    | Note
-------+----------+-------------------------------------------
     0 | D:5      | petzl the Formicid Delver began the quest for the Orb.
     0 | D:5      | Reached XP level 1. HP: 18/18 MP: 1/1
     8 | D:6      | Noticed a lemure
     8 | D:6      | Noticed a lemure
    11 | D:5      | Noticed an orc wizard
    26 | D:5      | Noticed a howler monkey
    38 | D:5      | You fall into a shaft and drop 1 floor!
    76 | D:6      | Noticed Pikel
   109 | D:6      | Noticed Grinder
   230 | D:5      | Noticed a hound
   230 | D:5      | Noticed an orc priest
   302 | D:6      | You fall into a shaft and drop 3 floors!
   322 | D:8      | Noticed a jelly
   359 | D:9      | Noticed Gastronok
   489 | D:9      | Noticed a howler monkey
   490 | D:9      | Noticed a howler monkey
   510 | D:10     | Entered Level 10 of the Dungeon
   517 | D:10     | Noticed an ogre
   517 | D:10     | Noticed an ogre
   517 | D:10     | Noticed an ogre
   526 | D:10     | Noticed Josephine
   526 | D:10     | Noticed a wyvern
   601 | D:8      | Reached skill level 1 in Spellcasting
   707 | D:6      | Noticed an ogre
   749 | D:6      | Reached XP level 2. HP: 22/23 MP: 3/3
   770 | D:6      | HP: 1/24 [adder (3)]
   771 | D:6      | Succumbed to an adder's poison

Illustrated notes

Levels and vault maps discovered:
D:5:      cheibrodos_fzero, layout_basic, ashenzari_conservatory_becter,
          grunt_ministairs_1, st_stairs_11, minmay_fractal_squares_diagonal_5,
          uniq_edmund, uniq_ijyb
D:6:      layout_cave_pools, uniq_pikel, uniq_grinder
D:7:      layout_basic
D:8:      layout_loops_cross, general_overflow_altar
D:9:      layout_rooms, erik_lair_island, minmay_hedge_maze, corner_web_ring,
          uniq_gastronok
D:10:     layout_irregular_city, orc_0_dummy, enter_bailey_3, uniq_maggie,
          uniq_lodul, uniq_joseph, uniq_josephine

Skill      XL: |  1 |
---------------+----+-----
Spellcasting   | 1 |  1.4
Fighting       | |  3.2
Maces & Flails | |  2.0
Dodging        | |  1.7
Stealth        | |  6.0
Shields        | |  0.9

Action                   || total
-------------------------++-------
Melee: Mace              ||   118
       Punch             ||     1
 Abil: Shaft Self        ||     2
       Dig               ||     1
  Use: Scroll            ||     1
       Potion            ||     1
Armor: Leather armour    ||     5
Dodge: Dodged            ||    18
Block: Buckler           ||     2

Table legend: (Time is in decaauts)
 A = Elapsed time spent in this place.
 B = Non-inter-level travel time spent in this place.
 C = Inter-level travel time spent in this place.
 D = Time resting spent in this place.
 E = Time spent auto-exploring this place.
 F = Levels seen in this place.
 G = Mean time per level.
                   A        B        C        D        E       F      G
               +--------+--------+--------+--------+--------+-----+--------+
         Total |    807 |    796 |     11 |    146 |     58 |   6 |  134.5 |
       Dungeon |    807 |    796 |     11 |    146 |     58 |   6 |  134.5 |
               +--------+--------+--------+--------+--------+-----+--------+

Top non-repeatable levels by time:
     D:6: 351 daAuts
     D:9: 261 daAuts
     D:8: 74 daAuts
     D:7: 54 daAuts
     D:5: 38 daAuts
    D:10: 27 daAuts
